 Dungeon Crawl Stone Soup version 0.21-a0-179-gd2bfb5f (webtiles) character file.

1063587 terra52 the Slayer (level 27, 0/321 HPs)
             Began as a Demonspawn Fighter on Aug 9, 2017.
             Was the Champion of Wu Jian.
             Killed from afar by a Brimstone Fiend (22 damage)
             ... with damnation
             ... summoned by a shadow demon
             ... in Pandemonium on Aug 10, 2017.
             The game lasted 07:16:50 (108239 turns).

terra52 the Slayer (Demonspawn Fighter)           Turns: 108239, Time: 07:16:51

Health: 0/321      AC: 46    Str: 26    XL:     27
Magic:  0/40       EV: 10    Int: 13    God:    Wu Jian [******]
Gold:   4180       SH: 21    Dex: 17    Spells: 38/53 levels left

rFire    + + +     SeeInvis +   G - +9 quick blade (distort)
rCold    + . .     Gourm    .   Q - +1 shield of Lorghuyne {+Inv Slay+5}
rNeg     + + .     Faith    .   T - +9 scales of the Dragon King {rPois rF+ rC+ MR+}
rPois    +         Spirit   +   (helmet unavailable)
rElec    +         Reflect  +   D - +2 cloak of the Thief {+Fog Slay-2 SInv Stlth+}
rCorr    .         Harm     .   d - +3 pair of gauntlets of War {Slay+5}
MR       ++...     Rnd*Rage +   (boots unavailable)
Stlth    ..........             U - amulet of the King {Reflect rElec rN++ Dex-4 SH+2 Stlth+}
HPRegen  0.63/turn              s - +4 ring of slaying
MPRegen  0.54/turn              u - ring "Muahoid" {rElec rF++ MR- AC+4 Slay+4}

@: exhausted, studying Fighting
A: beak, hooves 3, horns 3, thin skeletal structure 3, agile 1, berserk 1,
clever 1, foul stench 2, robust 3, weak 1, magic shield, magic regeneration,
magic link, rot immunity
}: 9/15 runes: barnacled, slimy, silver, abyssal, demonic, magical, fiery, dark,
gossamer
a: Serpent's Lash, Heavenly Storm, Renounce Religion, Evoke Fog, Evoke
Invisibility


You were in Pandemonium.
You worshipped Wu Jian.
Wu Jian was exalted by your worship.
You were not hungry.

You visited 18 branches of the dungeon, and saw 81 of its levels.
You visited Pandemonium 3 times, and saw 20 of its levels.
You visited the Abyss 3 times.
You also visited: Trove.

You collected 37059 gold pieces.
You spent 8388 gold pieces at shops.
You paid 24491 gold pieces to Gozag.

Inventory:

Hand Weapons
 z - the +7 scimitar "Zashreovy" {slice, *Corrode rF+++ rN+ Stlth+}
   (You found it in Pandemonium)

   It inflicts extra damage upon your enemies.
   It renders you almost immune to fire.
   It protects you from negative energy.
   It may corrode you when you take damage.
   It makes you more stealthy.
 G - a +9 quick blade of distortion (weapon)
Missiles
 W - 83 javelins (quivered)
Armour
 a - the +0 pair of gloves of Weirdness {rN+ Str+3 Dex+3}
   (You found it in a treasure trove)

   It affects your strength (+3).
   It affects your dexterity (+3).
   It protects you from negative energy.
 d - the +3 pair of gauntlets of War (worn) {Slay+5}
   (You bought it in a shop in the Vestibule of Hell)

   It affects your accuracy and damage with ranged weapons and melee attacks
   (+5).
 y - a +2 hat
 D - the +2 cloak of the Thief (worn) {+Fog Slay-2 SInv Stlth+}
   (You bought it in a shop on level 1 of the Depths)

   It affects your accuracy and damage with ranged weapons and melee attacks
   (-2).
   It lets you see invisible.
   It makes you more stealthy.
 Q - the +1 shield of Lorghuyne (worn) {+Inv Slay+5}
   (You found it in a treasure trove)

   It affects your accuracy and damage with ranged weapons and melee attacks
   (+5).
   It lets you turn invisible.
 T - the +9 scales of the Dragon King (worn) {rPois rF+ rC+ MR+}
   (You found it on level 2 of the Lair of Beasts)

   It protects you from fire.
   It protects you from cold.
   It protects you from poison.
   It affects your resistance to hostile enchantments.
Jewellery
 s - a +4 ring of slaying (left hand)
 u - the ring "Muahoid" (right hand) {rElec rF++ MR- AC+4 Slay+4}
   (You acquired it on level 2 of the Vaults)

   [ring of protection]

   It affects your AC (+4).
   It affects your accuracy and damage with ranged weapons and melee attacks
   (+4).
   It greatly protects you from fire.
   It insulates you from electricity.
   It affects your resistance to hostile enchantments.
 v - the amulet "Itoat" {RegenMP rC+ Str+4 Int-5 Dex+5}
   (You bought it in a shop on level 15 of the Dungeon)

   [amulet of magic regeneration]

   It increases your magic regeneration.
   It affects your strength (+4).
   It affects your intelligence (-5).
   It affects your dexterity (+5).
   It protects you from cold.
 A - a ring of the Octopus King {rC+ AC+1 EV+1 Str+1 Int+1 Dex+1}
   (You bought it in a shop on level 1 of the Depths)

   [ring of protection from cold]

   It affects your AC (+1).
   It affects your evasion (+1).
   It affects your strength (+1).
   It affects your intelligence (+1).
   It affects your dexterity (+1).
   It protects you from cold.
 U - the amulet of the King (around neck) {Reflect rElec rN++ Dex-4 SH+2 Stlth+}
   (You found it on level 6 of the Lair of Beasts)

   [amulet of reflection]

   It shields you and reflects attacks.
   It affects your dexterity (-4).
   It insulates you from electricity.
   It greatly protects you from negative energy.
   It affects your SH (+2).
   It makes you more stealthy.
Wands
 g - a wand of digging (13/24)
 h - a wand of random effects (16/48)
 V - a wand of acid (10/15)
Scrolls
 k - 12 scrolls of identify
 m - 29 scrolls of teleportation
 o - 7 scrolls of fear
 w - 44 scrolls of remove curse
 B - 4 scrolls of enchant weapon
 C - 2 scrolls of summoning
 E - 8 scrolls of fog
 L - 12 scrolls of blinking
 M - 8 scrolls of magic mapping
 Y - 2 scrolls of recharging
Potions
 e - 18 potions of curing
 n - 6 potions of resistance
 p - 6 potions of berserk rage
 q - a potion of cancellation
 r - 7 potions of flight
 x - 6 potions of might
 H - 8 potions of mutation
 I - a potion of brilliance
 P - 2 potions of heal wounds
 R - 7 potions of haste
 S - a potion of ambrosia
 X - 6 potions of agility
Books
 b - a manual of Fighting
Miscellaneous
 c - the horn of Geryon
 i - a lightning rod (4/4)
 j - a lamp of fire
 t - a fan of gales
 F - a phial of floods
Comestibles
 f - 12 bread rations
 l - 31 royal jellies
 K - 42 fruits
 O - a meat ration


   Skills:
 + Level 26.7 Fighting
 + Level 23.5 Short Blades
 + Level 13.9 Throwing
 - Level 23.4 Armour
 + Level 4.5 Dodging
 + Level 9.0 Stealth
 - Level 24.1 Shields
 * Level 13.8 Spellcasting
 + Level 6.0 Hexes
 - Level 8.9 Charms
 * Level 14.4 Necromancy
 * Level 10.8 Transmutations
 - Level 15.9 Evocations


You had 38 spell levels left.
You knew the following spells:

 Your Spells              Type           Power        Failure   Level  Hunger
a - Summon Guardian Gole  Hex/Summ       ###.....     54%         3    None
b - Infusion              Chrm           ####         1%          1    None
c - Regeneration          Chrm/Necr      #####.....   1%          3    None
d - Necromutation         Tmut/Necr      #####.....   100%        8    #######


Dungeon Overview and Level Annotations

Branches:
Dungeon (15/15)            Temple (1/1) D:6            Lair (6/6) D:9
 Shoals (4/4) Lair:2       Spider (4/4) Lair:3        Slime (5/5) Lair:5
    Orc (2/2) D:10            Elf (3/3) Orc:2        Vaults (5/5) D:13
  Crypt (3/3) Vaults:2       Tomb (1/3) Crypt:3      Depths (5/5) D:15
   Hell (1/1)                 Dis (7/7) Hell            Geh (5/7) Hell
    Coc (2/7) Hell            Tar (7/7) Hell            Zot (5/5) Depths:5

Altars:
Ashenzari
Cheibriados
Dithmenos
Elyvilon
Fedhas
Gozag
Hepliaklqana
Kikubaaqudgha
Makhleb
Nemelex Xobeh
Okawaru
Qazlal
Ru
Sif Muna
Trog
Uskayaw
Vehumet
Wu Jian
Xom
Yredelemnul
Zin
The Shining One
Beogh
Jiyva

Shops:
D:9 *   D:13 [:([[   D:15 !=   Orc:1 }   Orc:2 :!}?   Elf:2 (([   Elf:3 [*(%
Lair:5 [   Lair:6 *[[   Shoals:2 (   Vaults:1 }   Vaults:3 ((   Tomb:1 (
Hell [   Depths:1 (*=*   Depths:4 [[(   Depths:5 ?

Portals:
Hell: Depths:1 Depths:2 Depths:3 Depths:4 Depths:5
Abyss: Depths:2 Depths:4
Pandemonium: Depths:2 Depths:3 Depths:4
Ziggurat: Depths:2

Annotations:
Elf:2 3 runed doors
Abyss:1 Cerebov, Ignacio, Lom Lobon


Innate Abilities, Weirdness & Mutations

You have hooves in place of feet.
You have an unnaturally thin skeletal structure. (Dex +6, Stealth++)
You frequently emit foul miasma when damaged in melee.
You are extremely robust. (+30% HP)
When hurt, damage is shared between your health and your magic reserves.
You regenerate magic rapidly.
When low on magic, you restore magic in place of health.
You are immune to rotting.
You have a beak for a mouth.
You have a pair of large horns on your head.
You are agile. (Dex +2)
You tend to lose your temper in combat.
Your mind is acute. (Int +2)
You are weak. (Str -2)


Message History

Press: ? - help, Shift-Dir - straight line, f/p - Brimstone Fiend
Aim: a Brimstone Fiend (severely wounded, summoned, fire blocked by an iron grate)
Your line of fire to the Brimstone Fiend is blocked by an iron grate.
Continue anyway?
Okay, then.
The Brimstone Fiend calls on the powers of darkness!
Your body is wracked with pain!
* * * LOW HITPOINT WARNING * * *
Throwing (i - inventory):
W - 85 javelins (quivered)
Press: ? - help, Shift-Dir - straight line, f/p - Brimstone Fiend
Aim: a Brimstone Fiend (severely wounded, summoned)
You throw a javelin.
The javelin barely misses the Brimstone Fiend.
Throwing (i - inventory):
W - 84 javelins (quivered)
Press: ? - help, Shift-Dir - straight line, f/p - Brimstone Fiend
Aim: a Brimstone Fiend (severely wounded, summoned)
You throw a javelin. The javelin hits the Brimstone Fiend.
The Brimstone Fiend is severely wounded.
The Brimstone Fiend gestures at you.
The sphere of damnation explodes!
The damnation engulfs you!
You die...

.... ###.. ##########G###
##........###.## .#
##'##:..........#...
#.#.#.(.........#...
#.###1.........###..
#..............#G#.#
#..@..∩........###..
#...............#
#.....).........#
##..#...............#
###...#........###....# ..
#.....#........#G#)...#..#
.....3#........###...##...
.....###.............#....
.....#G#.......)..........


You could see a Brimstone Fiend and an eye of draining.

Vanquished Creatures
  the Royal Jelly (Slime:5)
  Dissolution (Slime:3)
  Gloorx Vloq (Pan)
  2 ancient liches
  2 greater mummies (Tomb:1)
  9 pandemonium lords (Pan)
  Sojobo (Depths:2)
  The ghost of hellotanjent the Gargoyle Barricade, a legendary GrFi of Ashenzari (Pan)
  Boris (Crypt:2)
  A shard shrike (Coc:1)
  Xtahua (Vaults:2)
  A curse toe (Zot:4)
  2 caustic shrikes (Depths:3)
  Saint Roka (Depths:4)
  Bai Suzhen (Depths:1)
  A Killer Klown (Zot:4)
  Geryon (Hell)
  2 profane servitors (Abyss:1)
  Jory (Crypt:3)
  9 golden dragons
  4 bone dragons
  Arachne (Spider:4)
  16 Tzitzimimeh
  9 liches
  A hellephant (Abyss:3)
  2 electric golems
  9 Brimstone Fiends
  10 tentacled monstrosities
  The ghost of Lustness the Tortoise, an adept MiFi of Okawaru (Geh:1)
  5 Ice Fiends (Pan)
  3 Orb Guardians (Zot:5)
  2 deep elf blademasters (Elf:3)
  10 titans
  Frances (D:14)
  4 Hell Sentinels
  6 quicksilver dragons
  2 deep elf master archers (Elf:3)
  20 tentacled starspawn
  18 acid blobs
  3 eldritch tentacles
  11 death cobs
  Polyphemus (Shoals:2)
  20 Executioners
  3 krakens
  7 tengu reavers
  Agnes (D:14)
  9 sphinxes
  8 ancient champions
  Roxanne (Shoals:1)
  15 storm dragons
  4 draconian monks
  A nagaraja (Abyss:1)
  Ilsuiw (Shoals:4)
  11 shadow dragons
  A daeva (Abyss:1)
  9 revenants
  18 azure jellies
  10 fire giants
  A draconian knight (Zot:3)
  6 ghost moths
  An azure jelly (shapeshifter) (Depths:4)
  13 frost giants
  An angel (Abyss:1)
  2 cacodemons (Pan)
  6 warmongers (Pan)
  47 balrugs
  11 deep elf sorcerers
  Aizul (Shoals:3)
  3 iron dragons
  3 draconian scorchers
  A juggernaut zombie (Depths:3)
  17 vault wardens
  4 emperor scorpions (Spider:4)
  11 black suns (Pan)
  2 orc warlords
  4 deep elf elementalists
  5 draconian shifters
  5 ghouls
  5 draconian stormcallers
  2 war gargoyles
  5 curse skulls
  11 ironheart preservers
  15 very ugly things
  12 vampire knights
  3 entropy weavers
  6 draconian annihilators
  2 spriggan defenders (Depths:4)
  49 reapers
  20 stone giants
  4 corrupters (Pan)
  8 blood saints (Pan)
  11 green draconians
  Nessos (Lair:6)
  2 white draconians
  11 black draconians
  14 lorocyprocas (Pan)
  9 deep elf demonologists
  12 deep elf annihilators
  6 purple draconians
  5 red draconians
  5 yellow draconians
  2 spark wasps
  17 ettins
  Snorg (Lair:4)
  7 death oozes (Slime:5)
  7 jiangshi
  7 blizzard demons
  4 eidola
  3 merfolk javelineers (Shoals:4)
  16 deep elf death magi
  18 green deaths
  9 merfolk impalers
  11 fire dragons
  6 quicksilver dragon zombies
  The ghost of narcow the Imperceptible, a journeyman SpEn of Dithmenos (D:15)
  21 yaktaur captains
  11 deep elf high priests
  A fire dragon (shapeshifter) (Depths:2)
  A kraken zombie (Coc:1)
  14 mummy priests
  A spectral kraken (Tar:7)
  34 vault guards
  4 monstrous demonspawn (Pan)
  A spectral shadow dragon (Crypt:3)
  4 hell beasts (Pan)
  13 great orbs of eyes
  4 quicksilver dragon skeletons
  6 catoblepae
  8 ice dragons
  5 hydras
  5 merfolk avatars
  5 death knights
  A satyr (Shoals:3)
  5 spriggan air magi
  2 ghost crabs
  Erica (D:9)
  11 centaur warriors
  6 rakshasas
  2 alligator snapping turtles
  9 death scarabs (Tomb:1)
  2 merfolk aquamancers (Shoals:4)
  51 two-headed ogres
  A queen ant (shapeshifter) (Depths:5)
  14 ogre magi
  26 hell hogs
  22 death yaks
  2 deep troll shamans
  5 deep troll earth magi
  8 tengu warriors
  Urug (Lair:4)
  2 dancing weapons (Dis:6)
  7 vampire magi
  22 thrashing horrors
  4 storm dragon zombies
  3 spriggan berserkers
  5 titan zombies
  47 soul eaters
  14 deep elf knights
  3 orc high priests
  An iron golem (Hell)
  2 naga sharpshooters (Depths:4)
  68 sun demons
  A spectral storm dragon (Crypt:3)
  Sonja (D:11)
  A shock serpent (Pan)
  Nergalle (D:11)
  7 titan skeletons
  73 skeletal warriors
  19 wretched stars
  A salamander mystic (Depths:2)
  A spark wasp zombie (Hell)
  A spectral ghost moth (Crypt:3)
  5 storm dragon skeletons
  4 golden dragon zombies
  6 anaconda zombies
  60 hell knights
  25 shadow wraiths
  5 spatial maelstroms
  10 torturous demonspawn (Pan)
  18 sixfirhies
  5 unseen horrors
  10 flayed ghosts
  5 golden dragon skeletons
  7 gelid demonspawn (Pan)
  7 sea snakes
  2 kraken simulacra
  8 infernal demonspawn (Pan)
  A ghost moth zombie (Pan)
  24 deep trolls
  2 death drakes
  20 shadow demons
  6 glowing orange brains
  A wolf spider zombie (Pan)
  The ghost of elan the Poker, a novice OpFi of Hepliaklqana (D:8)
  16 ironbrand convokers
  6 wizards
  Pikel (D:4)
  A spectral wolf spider (Crypt:3)
  3 orange crystal statues
  5 shadow dragon zombies
  3 iron dragon zombies
  18 orc knights
  24 harpies
  20 deep elf archers
  37 phantasmal warriors
  A mana viper (shapeshifter) (Depths:3)
  13 necromancers
  16 orb spiders
  A mana viper (Abyss:1)
  41 wolf spiders
  5 anaconda skeletons
  69 ugly things
  11 shadow dragon skeletons
  7 frost giant zombies
  A spectral fire dragon (Crypt:3)
  9 stone giant zombies
  62 deep elf magi
  2 orc sorcerers
  A spectral ettin (Crypt:3)
  26 moths of wrath
  3 salamanders (Depths:2)
  11 cyclopes
  16 manticores
  13 fauns
  10 merfolk sirens
  3 elephants (Lair:5)
  A shining eye (shapeshifter) (Depths:3)
  3 fire giant zombies
  7 fire giant skeletons
  2 stone giant skeletons
  An apocalypse crab (Abyss:3)
  A manticore (shapeshifter) (Elf:3)
  86 large abominations
  Maurice (Orc:1)
  Joseph (D:6)
  5 worldbinders
  2 shock serpent zombies (Pan)
  3 dire elephant zombies
  3 naga magi (D:15)
  37 smoke demons
  22 vault sentinels
  An ice statue (Hell)
  3 iron dragon skeletons (Pan)
  A torpor snail (Spider:1)
  4 water nymphs
  3 guardian serpents
  5 black mambas
  6 frost giant skeletons
  3 dire elephant skeletons
  An eye of devastation (Slime:1)
  23 orange demons
  25 rust devils
  8 molten gargoyles
  A swamp worm zombie (Crypt:3)
  6 komodo dragons
  26 freezing wraiths
  9 spectral swamp worms
  13 efreet
  A spriggan zombie (Hell)
  64 yaktaurs
  A rime drake (shapeshifter) (Depths:2)
  3 rime drakes
  A komodo dragon (shapeshifter) (Vaults:4)
  A spiny frog (shapeshifter) (Depths:1)
  23 spiny frogs
  A kobold demonologist (D:11)
  21 hellions
  A red draconian zombie (Abyss:1)
  2 emperor scorpion zombies
  A red draconian skeleton (Crypt:1)
  15 demonic crawlers
  11 guardian mummies
  An anaconda simulacrum (Hell)
  An iron troll zombie (Dis:6)
  21 tormentors
  3 silent spectres
  9 hellwings
  51 red devils
  2 tengu conjurers
  32 merfolk
  9 ancient zymes
  13 ice devils
  A catoblepas skeleton (Geh:2)
  4 human skeletons
  10 hornets
  A polar bear (Lair:2)
  18 trolls
  8 harpy zombies
  30 jumping spiders
  9 hydra zombies
  4 wind drakes
  16 blink frogs
  A jumping spider (shapeshifter) (Vaults:3)
  3 harpy skeletons
  20 hippogriffs
  An iron dragon simulacrum (Depths:3)
  2 wind drakes (shapeshifter)
  56 slime creatures
  Prince Ribbit (D:7)
  A dream sheep (shapeshifter) (Vaults:1)
  A raiju (shapeshifter) (Depths:2)
  19 raiju
  A bog body (Crypt:3)
  2 alligator zombies (Hell)
  A hornet (shapeshifter) (Depths:5)
  3 ice dragon zombies
  7 hydra skeletons
  A hippogriff (shapeshifter) (Vaults:3)
  A meliai zombie (D:15)
  8 snapping turtles
  16 dream sheep
  6 ettin zombies
  5 fire dragon zombies
  3 fire dragon skeletons
  95 flying skulls
  4 black mamba zombies
  105 starcursed masses
  42 ynoxinuls
  39 tarantellas
  3 alligator skeletons
  2 centaur simulacra (D:15)
  A yak (shapeshifter) (Vaults:1)
  3 spriggans
  15 water elementals
  A tarantella (shapeshifter) (Depths:2)
  2 vampires
  14 air elementals
  8 ettin skeletons
  2 ice dragon skeletons
  35 wraiths
  5 wyverns
  2 basilisks
  94 redbacks
  24 shadows
  43 yaks
  24 fire elementals
  A hog (shapeshifter) (Vaults:1)
  3 elf zombies
  A golden eye (shapeshifter) (Abyss:1)
  18 chaos spawn
  23 neqoxecs
  2 humans (shapeshifter)
  3 vampire mosquitoes (D:15)
  10 hungry ghosts
  2 tengu zombies
  2 wargs
  An emperor scorpion simulacrum (Tar:2)
  5 insubstantial wisps (Abyss:3)
  5 acid dragons
  2 acid dragons (shapeshifter)
  A faun zombie (Crypt:2)
  A naga (Depths:4)
  A gelid demonspawn zombie (Pan)
  A soldier ant (D:14)
  Edmund (D:6)
  8 spatial vortices
  11 water moccasins
  3 spiny frog zombies (Hell)
  8 porcupines
  48 hell hounds
  3 floating eyes
  A hydra simulacrum (Abyss:1)
  An orb spider zombie (Crypt:2)
  3 spiny frog skeletons
  5 sky beasts
  An alligator simulacrum (Hell)
  7 ice beasts
  4 snapping turtle zombies
  A dream sheep zombie (Crypt:2)
  A slave (D:4)
  A lindwurm zombie (Crypt:1)
  A swamp dragon zombie (Crypt:1)
  An ettin simulacrum (Vaults:1)
  9 human zombies
  44 orc warriors
  4 black bears
  45 ogres
  6 boggarts
  16 necrophages
  A sky beast (shapeshifter) (Vaults:5)
  An eye of draining (Slime:1)
  3 manticore zombies
  6 phantoms
  A blink frog zombie (Crypt:1)
  7 wolves
  A blink frog skeleton (Crypt:1)
  25 centaurs
  4 snapping turtle skeletons
  14 crocodiles
  7 big kobolds
  2 draconian zombies
  A rime drake skeleton (Crypt:2)
  A yaktaur zombie (Hell)
  13 bullfrogs
  A hippogriff skeleton (Crypt:1)
  A wyvern skeleton (Crypt:2)
  3 glowing shapeshifter simulacra
  4 earth elementals
  7 scorpions
  A water moccasin skeleton (D:9)
  A scorpion (shapeshifter) (Abyss:1)
  A human simulacrum (Vaults:2)
  3 troll zombies
  9 killer bees
  69 wights
  8 howler monkeys
  A spriggan skeleton (Geh:4)
  A troll skeleton (Pan)
  An electric eel (Spider:4)
  6 jellies
  14 crimson imps
  7 quasits
  8 centaur zombies
  32 orc priests
  2 bullfrog zombies
  16 iron imps
  33 small abominations
  5 bullfrog skeletons
  9 hounds
  11 centaur skeletons
  5 iguanas
  23 orc wizards
  Jessica (D:2)
  A demonspawn skeleton (Crypt:1)
  5 hell rats (Hell)
  9 worker ants
  A porcupine skeleton (Crypt:3)
  A big kobold zombie (Crypt:3)
  A demigod zombie (Crypt:3)
  2 naga zombies
  A demigod skeleton (Crypt:3)
  A naga skeleton (Pan)
  12 mummies
  Robin (D:4)
  A howler monkey zombie (D:8)
  A worker ant zombie (D:5)
  6 gnolls
  14 adders
  A swamp drake skeleton (Crypt:3)
  12 shadow imps
  6 white imps
  5 ufetubi
  2 oozes
  2 adder skeletons
  2 adder zombies
  3 worms
  2 ball lightnings (Pan)
  A barachi skeleton (Crypt:3)
  4 dart slugs
  6 leopard geckos
  130 orcs
  A bat (shapeshifter) (Vaults:5)
  5 giant cockroaches
  13 goblins
  11 hobgoblins
  5 jackals
  4 quokkas
  A ball python (D:6)
  4 bats
  5 frilled lizards
  A hobgoblin zombie (Crypt:2)
  37 kobolds
  A kobold zombie (Tomb:1)
  A leopard gecko skeleton (Crypt:1)
  4 rats
  2 fire vortices (Pan)
  2 plants
  24 starspawn tentacles
  17 tentacles
4527 creatures vanquished.

Vanquished Creatures (collateral kills)
  Mara (Vaults:4)
  Jorgrun (Spider:4)
  A cacodemon (Pan)
  A vault warden (Vaults:5)
  Azrael (Spider:2)
  A spark wasp (Spider:4)
  A merfolk javelineer (Shoals:4)
  A monstrous demonspawn (Pan)
  A torturous demonspawn (Pan)
  An orange demon (Pan)
  2 jumping spiders (Spider:4)
  A merfolk (Shoals:4)
  2 redbacks (Spider:4)
15 creatures vanquished.

Vanquished Creatures (others)
  2 pandemonium lords (Pan)
  A profane servitor (Abyss:1)
  A doom hound (Tar:7)
  An iron giant (Dis:2)
  A hellephant (Abyss:3)
  A Brimstone Fiend (Geh:1)
  4 Tzitzimimeh
  2 Hell Sentinels
  4 Executioners (Pan)
  A tentacled starspawn (Abyss:1)
  An ancient champion (Dis:2)
  A storm dragon (Pan)
  A warmonger (Pan)
  2 ghost moths
  A cacodemon (Pan)
  2 balrugs (Pan)
  4 reapers
  A very ugly thing (Abyss:1)
  2 lorocyprocas (Pan)
  A merfolk javelineer (Shoals:4)
  A green death (Pan)
  2 monstrous demonspawn (Pan)
  10 dancing weapons
  2 shock serpents (Pan)
  2 thrashing horrors
  A storm dragon zombie (Dis:2)
  3 sun demons (Pan)
  7 soul eaters
  A sixfirhy (Abyss:1)
  A shadow wraith (Vaults:3)
  A spatial maelstrom (Abyss:3)
  5 skeletal warriors
  A gelid demonspawn (Pan)
  2 torturous demonspawn (Pan)
  A shadow dragon zombie (Pan)
  A shadow demon (Pan)
  A flayed ghost (Tar:3)
  2 large abominations
  A necromancer (Geh:2)
  2 phantasmal warriors
  A worldbinder (Abyss:1)
  A wolf spider (Spider:3)
  A stone giant skeleton (Tar:6)
  A merfolk siren (Shoals:4)
  A smoke demon (Pan)
  A spectral swamp worm (Tar:7)
  A dire elephant skeleton (Tar:6)
  A tormentor (Dis:3)
  An emperor scorpion zombie (Dis:1)
  A red devil (Pan)
  A hornet (Spider:3)
  2 small abominations (Abyss:3)
  An ettin zombie (Pan)
  An ice dragon zombie (Pan)
  A flying skull (Abyss:2)
  A redback (Spider:3)
  A wraith (Tar:6)
  2 shadows
  A ynoxinul (Abyss:1)
  A starcursed mass (Abyss:1)
  2 chaos spawn (Pan)
  A spiny frog zombie (Tar:6)
  A hell hound (Pan)
  A snapping turtle zombie (Dis:2)
  A quasit (D:7)
  An iron imp (Dis:1)
  An orc wizard (Vaults:4)
  A tengu skeleton (Pan)
  7 ball lightnings (Pan)
  4 jackals (D:4)
  3 kobolds (D:4)
  14 fungi
  A lurking horror (Abyss:2)
  26 plants
  40 starspawn tentacles
  37 tentacles
244 creatures vanquished.

Grand Total: 4786 creatures vanquished

Notes
Turn   | Place    | Note
-------+----------+-------------------------------------------
     0 | D:1      | terra52 the Demonspawn Fighter began the quest for the Orb.
     0 | D:1      | Reached XP level 1. HP: 18/18 MP: 1/1
   269 | D:1      | Gained mutation: You have large cloven feet. [demonic ancestry]
   269 | D:1      | Reached XP level 2. HP: 24/24 MP: 2/2
   677 | D:2      | Reached XP level 3. HP: 26/29 MP: 3/3
  1148 | D:2      | Noticed Jessica
  1158 | D:2      | Killed Jessica
  1158 | D:2      | Gained mutation: You have hoof-like feet. [demonic ancestry]
  1158 | D:2      | Reached XP level 4. HP: 23/35 MP: 2/4
  1407 | D:2      | Found a sparkling altar of Nemelex Xobeh.
  1597 | D:3      | Found an ornate altar of the Wu Jian Council.
  1719 | D:3      | Found a hazy altar of Hepliaklqana.
  1782 | D:3      | Gained mutation: When hurt, damage is shared between your health and your magic reserves. [demonic ancestry]
  1782 | D:3      | Reached XP level 5. HP: 37/41 MP: 5/5
  2269 | D:4      | Noticed a hippogriff
  2298 | D:4      | Killed a hippogriff
  2298 | D:4      | Reached skill level 1 in Evocations
  2298 | D:4      | Gained mutation: You have a somewhat thin skeletal structure. (Dex +2, Stealth) [demonic ancestry]
  2298 | D:4      | Reached XP level 6. HP: 25/48 MP: 4/6
  2517 | D:4      | Noticed a slave
  2517 | D:4      | Noticed a slave
  2518 | D:4      | Noticed a slave
  2519 | D:4      | Noticed Pikel
  2521 | D:4      | Noticed a slave
  2534 | D:4      | Killed a slave
  2535 | D:4      | Killed Pikel
  2535 | D:4      | Reached skill level 4 in Fighting
  2535 | D:4      | Reached skill level 1 in Dodging
  2535 | D:4      | Gained mutation: You regenerate magic rapidly. [demonic ancestry]
  2535 | D:4      | Reached XP level 7. HP: 43/54 MP: 5/8
  2648 | D:4      | Noticed Robin
  2665 | D:4      | Reached skill level 5 in Short Blades
  2699 | D:4      | Killed Robin
  2699 | D:4      | Reached skill level 5 in Armour
  2900 | D:4      | Reached XP level 8. HP: 52/60 MP: 8/10
  3115 | D:4      | Found a bloodstained altar of Trog.
  3355 | D:5      | Entered Level 5 of the Dungeon
  4430 | D:6      | Noticed Edmund
  4438 | D:6      | Killed Edmund
  4438 | D:6      | Reached skill level 1 in Stealth
  4451 | D:6      | Reached skill level 5 in Shields
  4456 | D:6      | Gained mutation: You are clumsy. (Dex -2) [mutagenic meat]
  4457 | D:6      | Gained mutation: You evolve. [mutagenic meat]
  4725 | D:6      | Reached XP level 9. HP: 66/66 MP: 11/11
  5240 | D:6      | Found a radiant altar of Vehumet.
  5240 | D:6      | Found a white marble altar of Elyvilon.
  5245 | D:6      | Found a shadowy altar of Dithmenos.
  5247 | D:6      | Found a faded altar of an unknown god.
  5249 | D:6      | Found a faded altar of an unknown god.
  5317 | D:6      | Found a staircase to the Ecumenical Temple.
  5380 | Temple   | Entered the Ecumenical Temple
  5609 | D:7      | Noticed Joseph
  5626 | D:6      | Killed Joseph
  5626 | D:6      | Reached skill level 5 in Fighting
  5800 | D:7      | Found an opulent altar of Gozag.
  5803 | D:7      | Became a worshipper of Gozag Ym Sagoz the Greedy
  6370 | D:7      | Found a blossoming altar of Fedhas.
  6385 | D:7      | Noticed Prince Ribbit
  6395 | D:7      | Killed Prince Ribbit
  6950 | D:8      | Gained mutation: You have a moderately thin skeletal structure. (Dex +4, Stealth+) [demonic ancestry]
  6950 | D:8      | Reached XP level 10. HP: 64/76 MP: 13/13
  6955 | D:8      | Reached skill level 5 in Evocations
  7413 | D:8      | Found a sacrificial altar of Ru.
  7747 | D:8      | Noticed elan's ghost (novice OpFi)
  7763 | D:8      | Killed elan's ghost
  7763 | D:8      | Reached skill level 6 in Fighting
  7799 | D:9      | Noticed Erica
  7814 | D:9      | Killed Erica
  8073 | D:9      | Found a staircase to the Lair.
  8419 | D:9      | Noticed a two-headed ogre
  8452 | D:9      | Killed a two-headed ogre
  8861 | D:9      | Found Tamuzufi's General Store.
  9038 | D:9      | Reached skill level 7 in Fighting
  9061 | D:9      | Reached XP level 11. HP: 74/84 MP: 15/15
  9247 | D:9      | Found a roughly hewn altar of Beogh.
  9488 | Lair:1   | Entered Level 1 of the Lair of Beasts
  9573 | Lair:1   | Lost mutation: You are clumsy. (Dex -2) [evolution]
 10949 | Lair:2   | Found a staircase to the Shoals.
 11133 | Lair:2   | Noticed a six-headed hydra
 11138 | Lair:2   | Killed a six-headed hydra
 11435 | Lair:2   | Reached skill level 10 in Short Blades
 11830 | Lair:3   | Reached skill level 8 in Fighting
 11916 | Lair:3   | Found a hole to the Spider Nest.
 12224 | Lair:3   | Gained mutation: When low on magic, you restore magic in place of health. [demonic ancestry]
 12224 | Lair:3   | Reached XP level 12. HP: 92/92 MP: 17/17
 12596 | Lair:4   | Noticed Snorg
 12625 | Lair:4   | Killed Snorg
 12634 | Lair:4   | Gained mutation: Armour fits poorly on your strangely shaped body. [evolution]
 12927 | Lair:4   | Noticed Urug
 12958 | Lair:4   | Killed Urug
 13124 | Lair:4   | Reached skill level 9 in Fighting
 13242 | Lair:4   | Noticed an eight-headed hydra
 13249 | Lair:4   | Killed an eight-headed hydra
 14906 | Lair:5   | Found a staircase to the Slime Pits.
 14906 | Lair:5   | Found a viscous altar of Jiyva.
 15197 | Lair:6   | Entered Level 6 of the Lair of Beasts
 15210 | Lair:6   | Noticed a catoblepas
 15214 | Lair:6   | Bought a pair of runed gloves for 210 gold pieces
 15217 | Lair:6   | Bought a twisted cloak for 275 gold pieces
 15218 | Lair:6   | Bought a pair of embroidered gloves for 217 gold pieces
 15236 | Lair:5   | Identified the cursed +0 cloak of Restlessness {rElec Dex+2} (You bought it in a shop on level 6 of the Lair of Beasts)
 15276 | Lair:6   | Killed a catoblepas
 15276 | Lair:6   | Reached XP level 13. HP: 66/103 MP: 14/19
 15283 | Lair:6   | Bought a scroll labeled WAENTYA OSAAD for 29 gold pieces
 15283 | Lair:6   | Bought a scroll labeled INUCUA GODU for 29 gold pieces
 16004 | Lair:6   | Identified the +6 scale mail of Impatience {Slay+2} (You found it on level 6 of the Lair of Beasts)
 16051 | Lair:6   | Got a translucent steel amulet
 16060 | Lair:6   | Identified the amulet of the King {Reflect rElec rN++ Dex-4 SH+2 Stlth+} (You found it on level 6 of the Lair of Beasts)
 16111 | Lair:5   | Reached skill level 10 in Fighting
 16792 | Lair:6   | Reached skill level 10 in Armour
 17416 | Lair:6   | Reached skill level 1 in Throwing
 17965 | Lair:6   | Noticed Nessos
 17994 | Lair:6   | Killed Nessos
 18709 | Lair:6   | Reached XP level 14. HP: 106/111 MP: 19/21
 19593 | Lair:6   | Reached skill level 10 in Evocations
 20160 | Lair:6   | Bought a glowing shield for 187 gold pieces
 20317 | D:10     | Entered Level 10 of the Dungeon
 20770 | D:10     | Lost mutation: Armour fits poorly on your strangely shaped body. [evolution]
 20848 | D:10     | Found a staircase to the Orcish Mines.
 21287 | D:11     | Reached skill level 11 in Fighting
 21355 | D:11     | Noticed Nergalle
 21389 | D:11     | Killed Nergalle
 21819 | D:11     | Noticed Sonja
 21881 | D:11     | Killed Sonja
 22415 | D:12     | Reached skill level 10 in Shields
 23045 | D:12     | Identified 2 scrolls of acquirement
 23739 | D:13     | Found Ycu Wauwass's Book Shoppe.
 24147 | D:13     | Found a portal to a secret trove of treasure.
 24198 | D:13     | Found Qap Keush's Antique Armour Shop.
 24227 | D:13     | Found Jaakhlir's Weapon Boutique.
 24427 | D:13     | Found Quic's Armour Shop.
 24546 | D:13     | Found Buimethri's Antique Armour Emporium.
 24551 | D:13     | Bought a garnet-encrusted plate armour for 700 gold pieces
 24551 | D:13     | Identified the cursed +0 plate armour "Tehes" {*Contam rC+ rN+} (You bought it in a shop on level 13 of the Dungeon)
 24692 | D:13     | Found a gate to the Vaults.
 24702 | D:13     | Gained mutation: You are immune to rotting. [demonic ancestry]
 24702 | D:13     | Reached XP level 15. HP: 119/119 MP: 22/22
 24962 | D:14     | Found a sparkling altar of Nemelex Xobeh.
 25297 | D:14     | Found a shattered altar of Ashenzari.
 25561 | D:14     | Noticed Frances
 25582 | D:14     | Killed Frances
 25690 | D:15     | Entered Level 15 of the Dungeon
 25690 | D:15     | Noticed Agnes
 25702 | D:15     | Reached skill level 12 in Fighting
 25722 | D:14     | Killed Agnes
 26097 | D:15     | Found Rucras's Jewellery Emporium.
 26105 | D:15     | Bought the amulet "Itoat" {RegenMP rC+ Str+4 Int-5 Dex+5} for 576 gold pieces
 26513 | D:15     | Noticed narcow's ghost (journeyman SpEn)
 26539 | D:15     | Killed narcow's ghost
 26937 | D:15     | Found Sohut's Distillery.
 26945 | D:15     | Bought a potion of heal wounds for 100 gold pieces
 27640 | D:15     | Found a staircase to the Depths.
 27688 | Depths:1 | Entered Level 1 of the Depths
 27857 | D:11     | You fall through a shaft for 2 floors!
 28000 | Orc:1    | Entered Level 1 of the Orcish Mines
 28000 | Orc:1    | Found a roughly hewn altar of Beogh.
 28015 | Orc:1    | Noticed Maurice
 28035 | Orc:1    | Killed Maurice
 28475 | Orc:1    | Found Izxyejag's Gadget Shop.
 28991 | Spider:1 | Entered Level 1 of the Spider Nest
 29138 | Spider:1 | Reached XP level 16. HP: 129/129 MP: 24/24
 29376 | Spider:1 | Reached skill level 13 in Fighting
 32046 | Orc:2    | Entered Level 2 of the Orcish Mines
 32046 | Orc:2    | Found a staircase to the Elven Halls.
 32807 | Orc:2    | Found Loet's Distillery.
 32828 | Orc:2    | Found Pyitaf's Magic Scroll Emporium.
 32913 | Orc:2    | Found Imegouc's Book Boutique.
 32915 | Orc:2    | Found Fueph's Gadget Shop.
 32934 | Orc:2    | Bought a scroll of enchant weapon for 105 gold pieces
 33306 | Orc:2    | Gained mutation: Scrolls take you a little longer to read. [evolution]
 33570 | Depths:1 | Bought a faintly glowing cloak for 237 gold pieces
 33572 | Depths:1 | Identified the +2 cloak of the Hart {rCorr Int+4} (You bought it in a shop on level 1 of the Depths)
 33572 | Depths:1 | Bought the +2 cloak of the Thief {+Fog Slay-2 SInv Stlth+} for 502 gold pieces
 33636 | Depths:1 | Bought a steaming rapier for 306 gold pieces
 33636 | Depths:1 | Bought a potion of heal wounds for 170 gold pieces
 33636 | Depths:1 | Bought a scratched ivory ring for 170 gold pieces
 33636 | Depths:1 | Bought a scroll of enchant weapon for 255 gold pieces
 33638 | Depths:1 | Identified the +4 rapier of the People {speed, rPois} (You bought it in a shop on level 1 of the Depths)
 33646 | Depths:1 | Got a scorched pewter amulet
 33649 | Depths:1 | Identified the amulet of Zatohapu {Gourm Fragile rPois MR+ Str+6} (You acquired it on level 1 of the Depths)
 33872 | Shoals:1 | Entered Level 1 of the Shoals
 34345 | Shoals:1 | Noticed Roxanne
 34399 | Shoals:1 | Reached skill level 14 in Fighting
 34901 | Shoals:1 | Gained mutation: You may emit foul miasma when damaged in melee. [demonic ancestry]
 34901 | Shoals:1 | Reached XP level 17. HP: 72/139 MP: 25/25
 35401 | Shoals:1 | Killed Roxanne
 35665 | Shoals:2 | Noticed Polyphemus
 35723 | Shoals:2 | Killed Polyphemus
 36148 | Shoals:2 | Found Tejilloudo's Antique Weapon Shoppe.
 37544 | Spider:2 | Noticed Azrael
 37553 | Spider:2 | Killed Azrael
 37746 | Spider:2 | Reached skill level 5 in Stealth
 38464 | Spider:2 | Gained mutation: You are agile. (Dex +2) [evolution]
 39194 | Spider:4 | Entered Level 4 of the Spider Nest
 39220 | Spider:4 | Noticed Jorgrun
 39236 | Spider:4 | Killed Jorgrun
 39544 | Spider:4 | Noticed Arachne
 39574 | Spider:4 | Killed Arachne
 39857 | Spider:4 | Reached skill level 15 in Fighting
 39892 | Spider:4 | Gained mutation: You have hooves in place of feet. [demonic ancestry]
 39892 | Spider:4 | Reached XP level 18. HP: 139/149 MP: 27/27
 40419 | Lair:6   | Bought 2 potions of heal wounds for 290 gold pieces
 40707 | Shoals:3 | Noticed Aizul
 40744 | Shoals:3 | Killed Aizul
 41523 | Shoals:4 | Entered Level 4 of the Shoals
 42180 | Shoals:4 | Noticed Ilsuiw
 42246 | Shoals:4 | Killed Ilsuiw
 42707 | Shoals:4 | Found a stormy altar of Qazlal.
 43096 | Shoals:4 | Identified the cursed +0 acid dragon scales "Voicioch" {+Fly rElec rC- rCorr Dex-4} (You found it on level 4 of the Shoals)
 43221 | Shoals:4 | Got a barnacled rune of Zot
 43328 | Shoals:4 | Reached skill level 15 in Armour
 43389 | Shoals:4 | Identified the +0 ice dragon scales of the Lich-sworn {rF- rC++ Int+5} (You took it off a merfolk on level 4 of the Shoals)
 43998 | Depths:1 | Found a sparkling altar of Nemelex Xobeh.
 44028 | Depths:1 | Found a gateway to Hell.
 44381 | Depths:1 | Noticed Bai Suzhen
 44466 | Depths:1 | Killed Bai Suzhen
 44989 | Depths:1 | Gained mutation: You are robust. (+10% HP) [demonic ancestry]
 44989 | Depths:1 | Reached XP level 19. HP: 89/172 MP: 18/28
 45620 | Depths:2 | Reached skill level 16 in Fighting
 45904 | Depths:1 | Identified the +2 quarterstaff of Ruipo {antimagic, *Drain rElec rC- Dex+7} (You found it on level 1 of the Depths)
 45934 | Depths:2 | Found a one-way gate leading to the halls of Pandemonium.
 46707 | Vaults:1 | Entered Level 1 of the Vaults
 46707 | Vaults:1 | Found Coynk's Gadget Boutique.
 46991 | Vaults:1 | Reached skill level 15 in Short Blades
 47724 | D:13     | Bought a +0 pair of gloves of strength for 184 gold pieces
 48821 | Vaults:2 | Identified the ring "Muahoid" {rElec rF++ MR- AC+4 Slay+4} (You acquired it on level 2 of the Vaults)
 48912 | Vaults:2 | Gained mutation: You have an unnaturally thin skeletal structure. (Dex +6, Stealth++) [demonic ancestry]
 48912 | Vaults:2 | Reached XP level 20. HP: 143/182 MP: 28/30
 49157 | Vaults:2 | Found a staircase to the Crypt.
 49410 | Vaults:2 | Reached skill level 15 in Shields
 49446 | Vaults:2 | Reached skill level 17 in Fighting
 49735 | Vaults:2 | Noticed Xtahua
 49744 | Vaults:2 | Paralysed by Xtahua for 5 turns
 49750 | Vaults:2 | Lost mutation: You are agile. (Dex +2) [potion of mutation]
 49750 | Vaults:2 | Lost mutation: Scrolls take you a little longer to read. [potion of mutation]
 49750 | Vaults:2 | Lost mutation: You evolve. [potion of mutation]
 49750 | Vaults:2 | Gained mutation: You have a pair of small horns on your head. [potion of mutation]
 49750 | Vaults:2 | Gained mutation: Your muscles are strong. (Str +2) [potion of mutation]
 49758 | Vaults:2 | Killed Xtahua
 50364 | Vaults:3 | Found Fietijah's Antique Weapon Shoppe.
 50381 | Vaults:3 | Bought a shimmering great sword for 391 gold pieces
 50381 | Vaults:3 | Identified the +4 great sword "Xaygh" {slice, +Inv} (You bought it in a shop on level 3 of the Vaults)
 50429 | Vaults:3 | Reached skill level 5 in Throwing
 50545 | Vaults:3 | Found a roughly hewn altar of Beogh.
 51633 | Vaults:3 | Found Ojunkeustu's Weapon Boutique.
 51800 | Vaults:3 | Gained mutation: You frequently emit foul miasma when damaged in melee. [demonic ancestry]
 51800 | Vaults:3 | Reached XP level 21. HP: 174/192 MP: 28/31
 51966 | Vaults:4 | Noticed Mara
 51967 | Vaults:4 | Noticed terra52's illusion
 51993 | Vaults:4 | Killed Mara
 53976 | Elf:1    | Entered Level 1 of the Elven Halls
 54020 | Elf:1    | Reached skill level 18 in Fighting
 54224 | Depths:1 | Bought a ring of the Octopus King {rC+ AC+1 EV+1 Str+1 Int+1 Dex+1} for 700 gold pieces
 54560 | Elf:1    | Identified Momiock's Disquisition on Attacks
 55244 | Elf:2    | Found Ryluisi's Weapon Shop.
 55376 | Elf:2    | Found Taezuq's Weapon Boutique.
 55465 | Elf:2    | Found a runed gate.
 55465 | Elf:2    | Found a runed gate.
 55466 | Elf:2    | Found a runed gate.
 55519 | Elf:2    | Found Onyosog's Antique Armour Emporium.
 55738 | Elf:3    | Entered Level 3 of the Elven Halls
 56248 | Elf:3    | Found Ydeepse's Food Shoppe.
 56258 | Elf:3    | Bought a royal jelly for 22 gold pieces
 56258 | Elf:3    | Bought a royal jelly for 22 gold pieces
 56258 | Elf:3    | Bought a royal jelly for 22 gold pieces
 56258 | Elf:3    | Bought a bread ration for 55 gold pieces
 56258 | Elf:3    | Bought a bread ration for 55 gold pieces
 56258 | Elf:3    | Bought a bread ration for 55 gold pieces
 56258 | Elf:3    | Bought a bread ration for 55 gold pieces
 56691 | Elf:3    | Gained mutation: You are very robust. (+20% HP) [demonic ancestry]
 56691 | Elf:3    | Reached XP level 22. HP: 87/222 MP: 21/33
 57131 | Elf:3    | Identified the amulet "Suxzyed" {rF+ Regen+} (You took it off a deep elf annihilator on level 3 of the Elven Halls)
 57164 | Elf:3    | Reached skill level 15 in Evocations
 57535 | Elf:3    | Identified the Guide on Spatial Earth
 58492 | Vaults:5 | Entered Level 5 of the Vaults
 58506 | Vaults:5 | Reached skill level 10 in Throwing
 58771 | Vaults:5 | Paralysed by a sphinx for 3 turns
 58790 | Vaults:5 | Identified the ring "Reroh" {rC+ Int+3 Dex+4} (You found it on level 5 of the Vaults)
 58901 | Vaults:5 | Noticed an ancient lich
 58983 | Vaults:5 | Killed an ancient lich
 59246 | Vaults:5 | Reached XP level 23. HP: 90/230 MP: 34/34
 59310 | Vaults:5 | Reached skill level 19 in Fighting
 59651 | Vaults:5 | Identified the Guide on Feathers and the Entourage
 59759 | Vaults:5 | Identified the +9 triple sword of Blood {drain, rF+ rC- Str+4} (You took it off a deep elf sorcerer on level 5 of the Vaults)
 60073 | Vaults:5 | Identified the ring of the Final Chapter {+Fly rPois MR- Str+4 Int+5} (You took it off a deep elf high priest on level 5 of the Vaults)
 60112 | Vaults:5 | Identified the ring of Hegahue {rF+ MP-9 Int+6} (You took it off a fire giant on level 5 of the Vaults)
 60192 | Vaults:5 | Identified the amulet of Descent {Gourm rPois Str+3} (You found it on level 5 of the Vaults)
 60479 | Vaults:5 | Got a silver rune of Zot
 61295 | Depths:2 | Found a one-way gate to the infinite horrors of the Abyss.
 61641 | Depths:2 | Found a gateway to a ziggurat.
 61795 | Depths:2 | Noticed Sojobo
 61828 | Depths:2 | Killed Sojobo
 62380 | Depths:3 | Noticed a caustic shrike
 62391 | Depths:3 | Killed a caustic shrike
 62582 | Depths:3 | Noticed a caustic shrike
 62594 | Depths:3 | Killed a caustic shrike
 62890 | Depths:3 | Gained mutation: You are extremely robust. (+30% HP) [demonic ancestry]
 62890 | Depths:3 | Reached XP level 24. HP: 215/262 MP: 33/34
 63689 | Depths:4 | Bought an ancient buckler for 237 gold pieces
 63689 | Depths:4 | Identified the cursed +0 buckler of Yrchexto {rC+ Regen+ Stlth-} (You bought it in a shop on level 4 of the Depths)
 63754 | Depths:4 | Identified the ring of the Mutiny {+Fly Str+2 Int+3} (You found it on level 4 of the Depths)
 63784 | Depths:4 | Found Keopraeb's Antique Armour Emporium.
 64576 | Depths:4 | Paralysed by a floating eye for 3 turns
 64607 | Depths:4 | Noticed Saint Roka
 64633 | Depths:4 | Killed Saint Roka
 64714 | Depths:4 | Identified the cursed +1 scale mail "Roxil" {rF+ rC+ Str-5 SInv} (You found it on level 4 of the Depths)
 64741 | Depths:4 | Identified the ring "Solif" {rF+ MR+ Dex+4} (You took it off a hell knight on level 4 of the Depths)
 64763 | Depths:4 | Reached skill level 20 in Fighting
 64886 | Depths:4 | Identified the ring "Fecuc" {Wiz Dex+5} (You found it on level 4 of the Depths)
 64965 | Depths:4 | Found Sesolig's Weapon Emporium.
 65120 | Depths:4 | Identified the Tome of Orientation and the Escort
 65472 | D:13     | You paid a toll of 13 potions of heal wounds to enter a treasure trove
 65473 | Trove    | Entered a treasure trove
 65482 | Trove    | Identified the +2 pair of gloves of Cheibriados's Favour {+Blink rElec rPois Str+3} (You found it in a treasure trove)
 65484 | Trove    | Identified the +0 pair of gloves of Weirdness {rN+ Str+3 Dex+3} (You found it in a treasure trove)
 65489 | Trove    | Identified the -6 cloak of Dynao {+Fly Int-5 Stlth+} (You found it in a treasure trove)
 65492 | Trove    | Identified the +3 shield of the Lute {Str+3 SInv} (You found it in a treasure trove)
 65494 | Trove    | Identified the +3 shield "Gityt" {Regen+ Int+5 Dex+4} (You found it in a treasure trove)
 65498 | Trove    | Identified the +5 plate armour "Zixenl Gathru" {Int+4 Stlth+} (You found it in a treasure trove)
 65501 | Trove    | Identified the +8 plate armour "Pauthot" {rCorr} (You found it in a treasure trove)
 65503 | Trove    | Identified the +1 shield of Lorghuyne {+Inv Slay+5} (You found it in a treasure trove)
 65780 | Depths:5 | Entered Level 5 of the Depths
 65928 | Depths:5 | Found a gate to the Realm of Zot.
 66164 | Depths:5 | Reached XP level 25. HP: 177/274 MP: 32/34
 67287 | Spider:4 | Got a gossamer rune of Zot
 67764 | Crypt:1  | Entered Level 1 of the Crypt
 69663 | Crypt:2  | Noticed Boris
 69689 | Crypt:2  | Killed Boris
 69751 | Crypt:3  | Entered Level 3 of the Crypt
 69978 | Crypt:3  | Learned a level 3 spell: Summon Guardian Golem
 70046 | Crypt:3  | Noticed Jory
 70096 | Crypt:3  | Killed Jory
 70229 | Crypt:3  | Found a basalt altar of Yredelemnul.
 70265 | Crypt:3  | Reached skill level 21 in Fighting
 70300 | Crypt:3  | Got a shimmering iron amulet
 70316 | Crypt:3  | Identified the amulet of the Good {Gourm Dex+4} (You found it on level 3 of the Crypt)
 70323 | Crypt:3  | Got a clouded brass ring
 70328 | Crypt:3  | Identified the ring of Happiness {+Fly rElec rC++ Str-5 Int+2} (You found it on level 3 of the Crypt)
 71268 | Crypt:3  | Found a staircase to the Tomb.
 71485 | Tomb:1   | Entered Level 1 of the Tomb of the Ancients
 71582 | Tomb:1   | Reached XP level 26. HP: 179/288 MP: 31/34
 72118 | Tomb:1   | Noticed a greater mummy
 72221 | Tomb:1   | Killed a greater mummy
 73130 | Tomb:1   | Noticed a greater mummy
 73145 | Tomb:1   | Killed a greater mummy
 73834 | Zot:1    | Entered Level 1 of the Realm of Zot
 75198 | Zot:3    | Reached skill level 22 in Fighting
 76194 | Slime:1  | Entered Level 1 of the Pits of Slime
 76621 | Slime:3  | Noticed Dissolution
 76634 | Slime:3  | Killed Dissolution
 76640 | Slime:3  | Reached XP level 27. HP: 230/300 MP: 31/34
 76986 | Slime:5  | Entered Level 5 of the Pits of Slime
 77184 | Slime:5  | Noticed the Royal Jelly
 77216 | Slime:5  | Killed the Royal Jelly
 77307 | Slime:5  | HP: 22/450 [acid[the Royal Jelly] (1)]
 77318 | Slime:5  | HP: 16/451 [azure jelly[the Royal Jelly] (4)]
 77327 | Slime:5  | HP: 10/301 [acid blob[the Royal Jelly] (1)]
 77720 | Slime:5  | Got a slimy rune of Zot
 78130 | Slime:4  | Gained mutation: You occasionally shout uncontrollably at your foes. [a shining eye]
 78547 | Hell     | Entered the Vestibule of Hell
 78547 | Hell     | Noticed Geryon
 78572 | Hell     | Killed Geryon
 79064 | Hell     | Found a gateway to the freezing wastes of Cocytus.
 79224 | Hell     | Found a gateway to the decaying netherworld of Tartarus.
 79421 | Hell     | Found a gateway to the Iron City of Dis.
 79430 | Dis:1    | Entered Level 1 of the Iron City of Dis
 79720 | Hell     | Found a gateway to the ashen valley of Gehenna.
 80015 | Hell     | Upgraded the game from 0.21-a0-178-g0b87683 to 0.21-a0-179-gd2bfb5f
 80039 | Coc:1    | Entered Level 1 of Cocytus
 81398 | Zot:4    | Reached skill level 23 in Fighting
 82059 | Zot:5    | Entered Level 5 of the Realm of Zot
 82670 | Hell     | Learned a level 1 spell: Infusion
 82671 | Hell     | Bought the +3 pair of gauntlets of War {Slay+5} for 2232 gold pieces
 82744 | Depths:4 | Voluntarily entered the Abyss.
 82940 | Abyss:1  | Identified the cursed +0 scimitar of Valaokh {slice, rPois} (You found it on level 1 of the Abyss)
 82999 | Abyss:1  | Reached skill level 1 in Hexes
 83004 | Abyss:1  | Noticed an ancient lich
 83018 | Abyss:1  | Killed an ancient lich
 83018 | Abyss:1  | Reached skill level 1 in Spellcasting
 83373 | Abyss:3  | Found a corrupted altar of Lugonu.
 83380 | Abyss:3  | Fell from the grace of Gozag
 83380 | Abyss:3  | Became a worshipper of Lugonu the Unformed
 83380 | Abyss:3  | Reached * piety under Lugonu
 83389 | Depths:4 | Escaped the Abyss
 83446 | Tar:1    | Entered Level 1 of Tartarus
 83798 | Tar:2    | Reached ** piety under Lugonu
 84200 | Tar:2    | Reached *** piety under Lugonu
 84360 | Geh:1    | Entered Level 1 of Gehenna
 84667 | Geh:1    | Noticed Lustness's ghost (adept MiFi)
 84704 | Geh:1    | Killed Lustness's ghost
 84793 | Geh:2    | Reached **** piety under Lugonu
 85081 | Geh:3    | Reached ***** piety under Lugonu
 85932 | Geh:4    | Reached skill level 5 in Hexes
 86073 | Geh:5    | Reached skill level 24 in Fighting
 86104 | Geh:5    | Reached ****** piety under Lugonu
 86105 | Geh:5    | Identified a +9 quick blade of distortion (a +9 quick blade of freezing corrupted by Lugonu)
 86105 | Geh:5    | Received a gift from Lugonu
 86478 | Geh:1    | Reached skill level 5 in Spellcasting
 87066 | Temple   | Fell from the grace of Lugonu
 87066 | Temple   | Became a worshipper of Kikubaaqudgha
 87726 | Dis:2    | Gained mutation: You tend to lose your temper in combat. [mutagenic glow]
 88163 | Dis:2    | Reached * piety under Kikubaaqudgha
 88163 | Dis:2    | Identified Kikubaaqudgha's Tome of Black Rituals (Kikubaaqudgha gifted it to you on level 2 of the Iron City of Dis)
 88163 | Dis:2    | Received a gift from Kikubaaqudgha
 88952 | Dis:3    | Reached skill level 1 in Charms
 89091 | Dis:5    | Reached ** piety under Kikubaaqudgha
 89175 | Dis:6    | Reached skill level 1 in Necromancy
 89323 | Dis:7    | Entered Level 7 of the Iron City of Dis
 89937 | Tar:4    | Reached *** piety under Kikubaaqudgha
 89937 | Tar:4    | Identified Kikubaaqudgha's Reference Book on Necromancy (Kikubaaqudgha gifted it to you on level 4 of Tartarus)
 89937 | Tar:4    | Received a gift from Kikubaaqudgha
 90447 | Tar:5    | Reached **** piety under Kikubaaqudgha
 90633 | Hell     | Learned a level 3 spell: Regeneration
 91205 | Tar:6    | Reached ***** piety under Kikubaaqudgha
 91657 | Tar:7    | Entered Level 7 of Tartarus
 91740 | Tar:7    | Reached skill level 5 in Necromancy
 92293 | Tar:7    | Was forgiven by Gozag
 92305 | Tar:7    | Got a warped flail
 92333 | Tar:7    | Gained mutation: Armour fits poorly on your strangely shaped body. [mutagenic glow]
 92366 | Tar:7    | Lost mutation: Your muscles are strong. (Str +2) [mutagenic glow]
 92914 | D:15     | Gained mutation: You have a beak for a mouth. [mutagenic glow]
 92986 | Depths:2 | Voluntarily entered the Abyss.
 93058 | Abyss:1  | Paralysed by accursed screaming for 1 turns
 93149 | Abyss:1  | Found a corrupted altar of Lugonu.
 93181 | Abyss:1  | Found a corrupted altar of Lugonu.
 93181 | Abyss:1  | Found a corrupted altar of Lugonu.
 93419 | Abyss:1  | Reached skill level 5 in Charms
 93663 | Abyss:1  | Gained mutation: You are agile. (Dex +2) [mutagenic meat]
 93699 | Abyss:1  | Gained mutation: You can translocate small distances at will. [mutagenic meat]
 94060 | Abyss:2  | Reached ****** piety under Kikubaaqudgha
 94069 | Abyss:2  | Received a gift from Kikubaaqudgha
 94086 | Abyss:2  | Learned a level 8 spell: Necromutation
 94520 | Abyss:2  | Paralysed by accursed screaming for 1 turns
 94543 | Abyss:2  | Reached skill level 1 in Transmutations
 94547 | Abyss:2  | Gained mutation: You are weak. (Str -2) [mutagenic meat]
 94548 | Abyss:2  | Lost mutation: You tend to lose your temper in combat. [mutagenic meat]
 94549 | Abyss:2  | Gained mutation: You do not regenerate when monsters are visible. [mutagenic meat]
 94550 | Abyss:2  | Lost mutation: Armour fits poorly on your strangely shaped body. [mutagenic meat]
 94699 | Abyss:3  | Gained mutation: You sometimes yell uncontrollably at your foes. [mutagenic meat]
 94700 | Abyss:3  | Gained mutation: You tend to lose your temper in combat. [mutagenic meat]
 94702 | Abyss:3  | Lost mutation: You sometimes yell uncontrollably at your foes. [mutagenic meat]
 95335 | Abyss:3  | Found a shimmering altar of Xom.
 95342 | Depths:2 | Escaped the Abyss
 95722 | D:3      | Fell from the grace of Kikubaaqudgha
 95722 | D:3      | Became a worshipper of the Wu Jian Council
 95723 | D:3      | Lost mutation: You tend to lose your temper in combat. [potion of mutation]
 95723 | D:3      | Lost mutation: You occasionally shout uncontrollably at your foes. [potion of mutation]
 95723 | D:3      | Lost mutation: You do not regenerate when monsters are visible. [potion of mutation]
 95723 | D:3      | Lost mutation: You can translocate small distances at will. [potion of mutation]
 95723 | D:3      | Gained mutation: You have a pair of horns on your head. [potion of mutation]
 95723 | D:3      | Gained mutation: You tend to lose your temper in combat. [potion of mutation]
 95723 | D:3      | Gained mutation: You have a pair of large horns on your head. [potion of mutation]
 96057 | Pan      | Entered Pandemonium
 96057 | Pan      | Found an exit through the horrors of the Abyss.
 96071 | Pan      | Noticed Qimu the pandemonium lord
 96094 | Pan      | Killed Qimu the pandemonium lord
 96134 | Pan      | Noticed hellotanjent's ghost (legendary GrFi)
 96155 | Pan      | Reached * piety under Wu Jian
 96168 | Pan      | HP: 6/312 [smoke demon/divine providence (12)]
 96179 | Pan      | HP: 14/312 [smoke demon/divine providence (5)]
 96595 | Pan      | Killed hellotanjent's ghost
 96902 | Pan      | Got a demonic rune of Zot
 97096 | Pan      | Reached ** piety under Wu Jian
 97194 | Pan      | Took an exit into the Abyss.
 97194 | Abyss:1  | Escaped into the Abyss
 97492 | Abyss:1  | Reached *** piety under Wu Jian
 97686 | Abyss:2  | Reached skill level 25 in Fighting
 97705 | Abyss:2  | Found a corrupted altar of Lugonu.
 97707 | Abyss:2  | Found a bloodstained altar of Trog.
 97827 | Abyss:3  | Got an abyssal rune of Zot
 97832 | Abyss:3  | Paralysed by a great orb of eyes for 5 turns
 97885 | Abyss:3  | Reached **** piety under Wu Jian
 98035 | Depths:2 | Escaped the Abyss
 98047 | Pan      | Entered Pandemonium
 98429 | Pan      | Was forgiven by Lugonu
 98499 | Pan      | Found an exit through the horrors of the Abyss.
 98540 | Pan      | Noticed Bebri the pandemonium lord
 98558 | Pan      | Killed Bebri the pandemonium lord
 98843 | Pan      | Reached ***** piety under Wu Jian
 98894 | Pan      | Noticed Tafasel the pandemonium lord
 98912 | Pan      | Killed Tafasel the pandemonium lord
 98912 | Pan      | Reached skill level 5 in Transmutations
 99023 | Pan      | Noticed Ignacio
 99026 | Pan      | Banished Ignacio
 99144 | Pan      | Found an exit through the horrors of the Abyss.
 99826 | Pan      | Noticed Iluyrgh the pandemonium lord
 99833 | Pan      | Banished Iluyrgh the pandemonium lord
 99833 | Pan      | Reached skill level 10 in Spellcasting
 99890 | Pan      | Found an exit through the horrors of the Abyss.
100748 | Pan      | Noticed Bymoko the pandemonium lord
100750 | Pan      | Found an exit through the horrors of the Abyss.
100767 | Pan      | Killed Bymoko the pandemonium lord
100793 | Pan      | Reached skill level 10 in Necromancy
101814 | Pan      | Found an exit through the horrors of the Abyss.
102009 | Pan      | Noticed Wojumu the pandemonium lord
102369 | Pan      | Killed Wojumu the pandemonium lord
102469 | Pan      | Found an exit through the horrors of the Abyss.
102663 | Pan      | Noticed Ritoacla the pandemonium lord
102666 | Pan      | Killed Ritoacla the pandemonium lord
102779 | Pan      | Entered the realm of Cerebov.
102781 | Pan      | Reached ****** piety under Wu Jian
102939 | Pan      | Noticed Cerebov
103113 | Pan      | Banished Cerebov
103133 | Pan      | Identified the +7 arbalest "Giantslayer" {speed, rN+ MR+ Dex+3} (You found it in Pandemonium)
103138 | Pan      | Got a spiked buckler
103141 | Pan      | Identified the +1 buckler "Pyim" {MR- Str+3 Int+2} (You found it in Pandemonium)
103557 | Pan      | Found an exit through the horrors of the Abyss.
103763 | Pan      | Got a fiery rune of Zot
103794 | Pan      | Entered the realm of Lom Lobon.
103802 | Pan      | Identified the ring "Piur" {rC- MP+9 Int+3 Dex+2} (You found it in Pandemonium)
103865 | Pan      | Noticed Lom Lobon
103919 | Pan      | Got a magical rune of Zot
104260 | Pan      | Found an exit through the horrors of the Abyss.
104513 | Pan      | Was forgiven by Kikubaaqudgha
104772 | Pan      | Banished Lom Lobon
105122 | Pan      | Found an exit through the horrors of the Abyss.
105844 | Pan      | Entered the realm of Gloorx Vloq.
105847 | Pan      | Noticed Gloorx Vloq
106017 | Pan      | Killed Gloorx Vloq
106076 | Pan      | Got a dark rune of Zot
106299 | Pan      | Identified the +1 scale mail of the Bagpipe {rPois rF+ Int-5 Dex+2} (You found it in Pandemonium)
106474 | Pan      | Reached skill level 26 in Fighting
106543 | Pan      | Found an exit through the horrors of the Abyss.
106630 | Pan      | Noticed Nemyoc the pandemonium lord
106631 | Pan      | Banished Nemyoc the pandemonium lord
106679 | Pan      | Noticed Dotasiu the pandemonium lord
106692 | Pan      | Killed Dotasiu the pandemonium lord
106692 | Pan      | Reached skill level 10 in Transmutations
107037 | Pan      | Found an exit through the horrors of the Abyss.
107097 | Pan      | Noticed Wuqoriocs the pandemonium lord
107267 | Pan      | Killed Wuqoriocs the pandemonium lord
107311 | Depths:2 | Escaped Pandemonium
107321 | Pan      | Entered Pandemonium
107635 | Pan      | Gained mutation: Your mind is acute. (Int +2) [a cacodemon]
107641 | Pan      | Identified the +7 scimitar "Zashreovy" {slice, *Corrode rF+++ rN+ Stlth+} (You found it in Pandemonium)
107707 | Pan      | Noticed Amismal the pandemonium lord
107756 | Pan      | Found an exit through the horrors of the Abyss.
107949 | Pan      | Killed Amismal the pandemonium lord
108109 | Pan      | Noticed Itelont the pandemonium lord
108144 | Pan      | Banished Itelont the pandemonium lord
108184 | Pan      | Found a runed door.
108239 | Pan      | Killed from afar by a Brimstone Fiend

Vault maps used:
D:1:      dpeg_arrival_subterranean_lakeside_camping
D:2:      wad_pebble_path, first_bread, nemelex_dance_club_becter, uniq_jessica
D:3:      nicolae_overflow_crystal_walls, overflow_temple_1_default
D:4:      kennysheep_kobold_camp, marbit_many_paths, uniq_pikel, uniq_robin
D:5:      palyth_stone_intersect, kennysheep_generic_room_6
D:6:      chequers_temple_overflow_minitemple, minmay_temple_entry_nine_rooms,
          uniq_edmund
D:7:      kennysheep_mini_moat, fedhas_altar_2, grunt_ogre_cave,
          minmay_unpleasant_kobolds, uniq_joseph, uniq_prince_ribbit1
D:8:      lemuel_doored_altar
D:9:      minmay_lair_entry_lava, serial_shops, shop, uniq_erica
D:10:     orc_0_dummy
D:11:     minmay_bloctagon_deflated, uniq_sonja, uniq_nergalle
D:13:     david_vaults_2, enter_trove_2, serial_shops, kennysheep_little_box,
          shop_coins, nicolae_shop_waterfront, shop,
          nicolae_shop_overgrown_old_shop, spider_trap
D:14:     ashenzari_altar_1, nemelex_diamond_rough_becter, uniq_frances
D:15:     grunt_enter_depths_magical_seal, serial_shops, shop, shop,
          serial_park_avenue1, uniq_agnes
Temple:   nicolae_temple_figure_eight
Lair:1:   grunt_megastairs_5
Lair:2:   minmay_shoals_entry_centaurs, beast_lair_carwin_6
Lair:3:   spider_nest_entry_web_field, patterned_corridor
Lair:4:   grunt_megastairs_2, uniq_urug, uniq_snorg
Lair:5:   slime_altar_1, lemuel_fruit_fields
Lair:6:   evilmike_catoblepas_cave, uniq_nessos
Shoals:1: uniq_roxanne
Shoals:2: serial_shops, shop, uniq_polyphemus
Shoals:3: uniq_aizul
Shoals:4: shoals_end_grunt_ice, shoals_ilsuiw_ice, lemuel_centaur_altar
Spider:1: guppyfry_spider_mini_1
Spider:2: uniq_azrael
Spider:4: spider_rune_water, uniq_arachne, uniq_jorgrun
Slime:1:  nicolae_slime_phagocytosis
Slime:2:  cheibrodos_slime_lost_civilization_3
Slime:3:  dissolution_awaits
Slime:4:  cheibrodos_slime_lost_civilization_5
Orc:1:    basic_altar, serial_shops, nicolae_shop_trees, uniq_maurice
Orc:2:    st_orc_open
Elf:1:    minmay_elf_annihilation, minivault_8
Elf:2:    serial_shops, nicolae_shop_stone,
          nicolae_shop_competitors_out_of_business, shop, hangedman_glass_teeth,
          minivault_15
Elf:3:    grunt_elf_hall_asides, serial_shops, shop, nicolae_elf_v_pinch,
          grunt_megastairs_3
Vaults:1: hangedman_vaults_impose, vaults_mumra_hex,
          nicolae_vaults_network_periphery, v_rooms_5, v_misc_12,
          vaults_standard_mumra_x, nicolae_vaults_specimen_jars,
          hangedman_vaults_trim, vaults_room_door_ring, serial_shops,
          nicolae_shop_crystal
Vaults:2: hangedman_vaults_stitches, minmay_crypt_entry_simple_box,
          vaults_room_large_hall, v_alt_pattern_3, hangedman_vaults_pinch,
          ontoclasm_vaults_hangar, hangedman_vaults_river_flow,
          grunt_vaults_bifocal, nicolae_vaults_murderbox, v_rooms_3, v_misc_14,
          grunt_vaults_funnel, v_misc_3, uniq_xtahua
Vaults:3: v_misc_8, vaults_room_boxed, ontoclasm_vaults_spin,
          nicolae_vaults_ninety_degrees, v_misc_8, ontoclasm_vaults_shuriken,
          special_room_vaults, v_misc_27, nicolae_vaults_alarming,
          dpeg_vaults_monster_box, serial_shops, shop
Vaults:4: grunt_vaults_twisty, ontoclasm_vaults_ring_small,
          nicolae_vaults_sealed_display, ontoclasm_vaults_loading_screen,
          vaults_mumra_minichess, hangedman_vaults_stretched_pinwheel, uniq_mara
Crypt:1:  grunt_crypt_arrival_webbed
Crypt:2:  uniq_boris, uniq_saint_roka
Crypt:3:  church_of_pain_bobbens, tomb_entry_shell_bobbens,
          minmay_misc_feat_five, uniq_jory
Depths:1: pf_hell_entry_tar_river, hangedman_decor_opposing,
          nemelex_xobeh_ov_fountains_minmay, firewood_loft, uniq_bai_suzhen
Depths:2: minmay_ornate_pinched, enter_ziggurat_b, hangedman_abyss_entry_splay,
          hell_entry, serial_glass, glass_columns_b, glass_columns_b,
          rand_demon_pan_entry_5, nrook_mini_backslash, uniq_sojobo
Depths:3: lemuel_traditional_vault, serial_sigils,
          serial_sigils_hangedman_clutch, serial_sigils_hangedman_writhe,
          serial_sigils_hangedman_shear, serial_sigils_hangedman_scar,
          grunt_hell_entry_dis_mu, pan_entry, stair_cage_line
Depths:4: hangedman_spin_cycle, abyss_entry, pan_entry, hell_entry
Depths:5: evilmike_zot_entry_argh, serial_bayou_lagoon_a, lightli_too_deep
Dis:1:    evilmike_ambush
Dis:6:    hangedman_dis_monolith
Dis:7:    iron_city_of_dis
Geh:3:    minmay_fire_ice_demons
Tar:2:    nicolae_tar_cuneiform_bird, nicolae_tar_cuneiform_three
Tar:6:    hangedman_mysterious_dungeon_monster_house
Tar:7:    tar_minmay_river
Zot:3:    st_stairs_7, grunt_megastairs_1
Zot:4:    hangedman_zot_wheel_spokes
Zot:5:    grunt_ministairs_8, st_stairs_1, nicolae_zot_crop_circle
Abyss:3:  minivault_23, nicolae_abyss_rune_star_stuff,
          guppyfry_abyss_exit_spiral_guarded, hangedman_decor_points,
          nicolae_abyss_rune_left_handed, doesnt_abyss_rune_brain_food
Pan:      rand_demon_6, grunt_pan_spiral, nicolae_pan_diamonds, uniq_ignacio,
          nicolae_pan_diamonds, rand_demon_1, nicolae_pan_glass_arcs,
          rand_demon_1, cerebov_grunt, lom_lobon_spiral_st,
          pan_blood_fountain_2, nicolae_pan_gloorx_vloqian_3,
          evilmike_mini_pan_pillars, nicolae_pan_sigil_uleosi, gloorx_vloq_st,
          evilmike_mini_pan_pillars_b, evilmike_mini_pan_corner,
          evilmike_mini_pan_branches, evilmike_mini_pan_branches,
          evilmike_mini_pan_other_thingy, grunt_pan_in_and_out,
          nicolae_pan_cerebovesque_4, nicolae_pan_sigil_nadil,
          evilmike_mini_pan_layers, pan_blood_fountain, rand_demon_1,
          regret_index_pan_draining_boxed
Trove:    trove_armour_2

Skill      XL: |  1  2  3  4  5  6  7  8  9 10 11 12 13 14 15 16 17 18 19 20 21 22 23 24 25 26 27 |
---------------+----------------------------------------------------------------------------------+-----
Short Blades   | 2 3 4 5 6 7 9 10 11 12 13 14 15 16 17 18 19 20 23 | 23.5
Armour         | 3 4 5 6 7 9 11 12 13 14 15 16 17 18 19 20 23 | 23.4
Shields        | 3 4 5 6 7 8 9 10 11 12 13 14 15 16 17 18 19 24 | 24.1
Evocations     | 1 2 3 4 6 7 8 9 10 11 12 13 14 15 | 15.9
Fighting       | 4 5 7 8 9 10 11 12 14 15 16 17 18 19 20 21 22 26 | 26.7
Dodging        | 1 2 3 4 |  4.5
Stealth        | 1 2 3 4 5 6 7 8 9 |  9.0
Throwing       | 1 2 6 8 11 12 13 | 13.9
Hexes          | 6 |  6.0
Spellcasting   | 13 | 13.8
Charms         | 8 |  8.9
Necromancy     | 14 | 14.4
Transmutations | 10 | 10.8

Action                   |  1- 3 |  4- 6 |  7- 9 | 10-12 | 13-15 | 16-18 | 19-21 | 22-24 | 25-27 || total
-------------------------+-------+-------+-------+-------+-------+-------+-------+-------+-------++-------
Melee: Rapier            |    70 |       |       |       |       |       |       |       |       ||    70
       Kick              |    13 |    22 |   103 |   356 |  1528 |  2409 |  1782 |  1198 |  4702 || 12113
       Dagger            |       |    94 |   360 |   834 |  1168 |     5 |       |       |       ||  2461
       Quick blade       |       |       |       |       |  1401 |  3671 |  2524 |  1708 |  7494 || 16798
       Headbutt          |       |       |       |       |       |       |   449 |   736 |  2644 ||  3829
       Peck              |       |       |       |       |       |       |       |       |   710 ||   710
Throw: Tomahawk          |       |       |       |     5 |     6 |       |       |       |       ||    11
       Javelin           |       |       |       |       |       |    11 |     5 |    44 |    64 ||   124
 Cast: Regeneration      |       |       |       |       |       |       |       |       |   103 ||   103
       Infusion          |       |       |       |       |       |       |       |       |     3 ||     3
Invok: Call Merchant     |       |       |       |     2 |     1 |     2 |     2 |     4 |     3 ||    14
       Potion Petition   |       |       |       |     1 |       |       |       |       |       ||     1
       Serpent's Lash    |       |       |       |       |       |       |       |       |    12 ||    12
       Receive Corpses   |       |       |       |       |       |       |       |       |     4 ||     4
       Receive Necronomi |       |       |       |       |       |       |       |       |     1 ||     1
       Brand Weapon With |       |       |       |       |       |       |       |       |     1 ||     1
       Heavenly Storm    |       |       |       |       |       |       |       |       |     1 ||     1
 Abil: Evoke Berserk Rag |       |       |       |       |     5 |       |       |       |       ||     5
       Evoke Flight      |       |       |       |       |       |    17 |       |       |       ||    17
       Evoke Fog         |       |       |       |       |       |     2 |       |       |     5 ||     7
       Stop Flying       |       |       |       |       |       |     1 |       |       |       ||     1
Evoke: Wand              |       |       |       |     4 |    13 |    28 |     6 |     5 |     1 ||    57
       Phial of floods   |       |       |       |       |     1 |     7 |     3 |     1 |     2 ||    14
       Lamp of fire      |       |       |       |       |       |       |       |     2 |     3 ||     5
       Lightning rod     |       |       |       |       |       |       |       |     1 |       ||     1
       Horn of Geryon    |       |       |       |       |       |       |       |       |     4 ||     4
       Phantom mirror    |       |       |       |       |       |       |       |       |     1 ||     1
  Use: Potion            |     1 |       |     1 |     1 |     1 |     4 |     3 |     2 |    22 ||    35
       Scroll            |       |       |       |    17 |    13 |    21 |    15 |    29 |    17 ||   112
 Stab: Sleeping          |       |       |     1 |     5 |       |       |       |       |     3 ||     9
       Distracted        |       |       |     1 |     6 |    10 |    14 |    16 |    20 |    19 ||    86
       Petrified         |       |       |       |       |     4 |       |       |       |       ||     4
       Paralysed         |       |       |       |       |       |     2 |       |       |       ||     2
       Confused          |       |       |       |       |       |     3 |       |       |       ||     3
       Invisible         |       |       |       |       |       |       |       |     2 |       ||     2
  Eat: Chunk             |     1 |     4 |    13 |       |       |       |       |       |    60 ||    78
       Meat ration       |       |       |     1 |     5 |     7 |     4 |     2 |     3 |     9 ||    31
       Fruit             |       |       |       |     1 |     6 |     7 |       |     2 |     8 ||    24
       Bread ration      |       |       |       |       |     3 |     7 |     6 |     2 |    12 ||    30
       Royal jelly       |       |       |       |       |       |       |       |       |     1 ||     1
Armor: Scale mail        |    19 |    15 |       |       |       |       |       |       |       ||    34
       Ring mail         |       |    15 |    84 |    66 |       |       |       |       |       ||   165
       Gold dragon scale |       |       |       |   169 |   727 |  1342 |   521 |   417 |  1753 ||  4929
       Plate armour      |       |       |       |       |       |       |       |       |    92 ||    92
Dodge: Dodged            |    15 |    19 |   102 |   123 |   209 |   531 |   262 |   232 |   948 ||  2441
Block: Shield            |    33 |    35 |   142 |   239 |   803 |  1595 |   872 |   638 |  3647 ||  8004
       Reflection        |       |       |       |       |       |       |       |       |    47 ||    47
